 Dungeon Sprint DCSS version 0.31-a0-986-g5e6e4ef867 (webtiles) character file.

Game seed: 276566078320026741

6094 sircluck the Grappler (level 10, -23/111 (118) HPs)
             Began as a Troll Berserker on Nov 13, 2023.
             Was an Elder of Trog.
             Annihilated by Manafiam the pandemonium lord (28 damage)
             ... in the Dungeon (Sprint V: "Ziggurat Sprint").
             The game lasted 00:04:50 (456 turns).

sircluck the Grappler (Troll Berserker)              Turns: 456, Time: 00:04:51

HP:   -23/111 (118) AC: 20    Str: 43      XL:     10   Next: 58%
MP:   2/9           EV:  1    Int:  3      God:    Trog [****..]
Gold: 0             SH: 25    Dex:  8 (9)  Spells: 9/9 levels left

rFire   + .          .
                       - Unarmed
rCold   + . .        y - +18 shield of the Gong {Loud rN+ Will+ rCorr EV-5}
rNeg    + . .        z - +5 gold dragon scales
rPois   +            (helmet restricted)
rElec   .            (no cloak)
rCorr   +            (gloves unavailable)
SInv    .            (boots unavailable)
Will    +....        (no amulet) Stlth
                     t - +6 ring of strength
HPRegen 1.18/turn    u - +6 ring of strength
MPRegen 0.11/turn

%: no teleportation
@: on berserk cooldown, slowed, studying Shields, drained, very slow
A: large, unfitting armour, claws 3, regeneration 1, shaggy fur 1, tough skin 1
a: Renounce Religion, Berserk, Trog's Hand, Brothers in Arms


You were in the Dungeon.
You worshipped Trog.
Trog was greatly pleased with you.
You visited 1 branch

Inventory:

Armour
 a - a +0 animal skin
 y - the +18 shield of the Gong (worn) {Loud rN+ Will+ rCorr EV-5}
   (You found it in the Dungeon)

   Loud:      It is deafeningly noisy when blocking attacks.
   EV-5:      It affects your evasion (-5).
   rN+:       It protects you from negative energy.
   Will+:     It increases your willpower.
   rCorr:     It protects you from acid and corrosion.
 z - +5 gold dragon scales (worn)
Jewellery
 o - a ring of flight
 p - a +6 ring of dexterity
 q - a +6 ring of dexterity
 t - a +6 ring of strength (left claw)
 u - a +6 ring of strength (right claw)
Wands
 v - a wand of mindburst (6)
 w - a wand of iceblast (9)
 x - a wand of light (7)
Scrolls
 g - 3 scrolls of blinking
 l - 7 scrolls of fog
 m - 5 scrolls of identify
 n - 2 scrolls of fear
 s - 2 scrolls of brand weapon
Potions
 b - 10 potions of curing
 c - 8 potions of heal wounds
 d - 6 potions of haste
 e - 7 potions of magic
 f - 3 potions of berserk rage
 h - 2 potions of invisibility
 i - 4 potions of resistance
 k - 5 potions of might
Miscellaneous
 j - a tin of tremorstones (1/2)
 r - a phial of floods


   Skills:
 + Level 12.7 Fighting
 - Level 2.4 Armour
 + Level 12.6 Dodging
 - Level 2.7 Shields
 + Level 14.8 Unarmed Combat


You had 9 spell levels left.
You didn't know any spells.
Your spell library was empty.

Dungeon Overview and Level Annotations

Branches:
Dungeon (1/1)

Altars:
Ashenzari
Cheibriados
Dithmenos
Elyvilon
Fedhas
Gozag
Hepliaklqana
Kikubaaqudgha
Makhleb
Nemelex Xobeh
Okawaru
Qazlal
Ru
Sif Muna
Trog
Uskayaw
Vehumet
Wu Jian
Xom
Yredelemnul
Zin
The Shining One
Jiyva
Lugonu

Annotations:
D 1 transporter


Innate Abilities, Weirdness & Mutations

You are too large for most types of armour.
You have claws for hands.
Your natural rate of healing is unusually fast.
You are covered in fur. (AC +1)
You have tough skin. (AC +1)


Message History

You feel your power leaking away.
Unknown command.
Unknown command.
You claw Manafiam!
Manafiam is severely wounded.
You block Manafiam's attack.
GONNNNG!
You block the quasit's attack.
GONNNNG!
You block the quasit's attack.
GONNNNG!
The quasit claws you but does no damage.
The white imp hits you but does no damage.
The hellwing hits you.
* * * LOW HITPOINT WARNING * * *
You block the hellwing's attack.
SHROANNG!
Manafiam sneers, "Taste defeat, thou worthless sheep-biting hedge-pig!"
Manafiam hits you!!
* * * LOW HITPOINT WARNING * * *
You block the quasit's attack.
GONNNNG!
The quasit claws you but does no damage. x2
Unknown command.
Unknown command.
Unknown command.
Unknown command.
Blink to where?
Press: ? - help, Q - select action, (/) - cycle Dir - move target, p - quasit
Found a transporter.
As you read the scroll of blinking, it crumbles to dust.
Unknown command.
Unknown command.
Unknown command.
The tremorstone explodes into fragments!
The burst of rock shards engulfs Manafiam but does no damage.
The burst of rock shards engulfs the hellwing but does no damage.
The burst of rock shards engulfs the iron imp!
Manafiam hits you!!
You die...

▓..).|...▓..):=...
▓...)....▓..).[...
▓...)....▓........
▓..).)...▓..†.†...
▓.▓)...▓.▓.▓....▓.
▓...©....▓...©....
▓▓▓▓▓▓▓▓▓▓▓▓▓▓▓▓▓▓
▓...8©8.. ▓..8©8..
▓@./=:|...▓..|%)..
▓.&./)[...▓....[..
▓.........▓.......
▓...45....▓.......
▓....5....▓.....).
▓...5.5...▓...)...
▓.▓.....▓.▓.▓)).▓.
▓....©§...▓..)©)..
▓▓▓▓▓▓▓▓▓▓▓▓▓▓▓▓▓▓


You could see Manafiam, a hellwing, an iron imp, a quasit, a white imp and an
ufetubus.

Vanquished Creatures
  2 draconians (D)
  A deep elf pyromancer (D)
  3 ugly things (D)
  A naga mage (D)
  4 merfolk (D)
  A yak (D)
  2 nagas (D)
  2 water moccasins (D)
  A sky beast (shapeshifter) (D)
  A bullfrog (D)
  An earth elemental (D)
  An iguana (D)
  2 river rats (D)
  3 jackals (D)
  A ball python (D)
26 creatures vanquished.

Vanquished Creatures (collateral kills)
  A yellow draconian (D)
  3 draconians (D)
  A white imp (D)
5 creatures vanquished.

Grand Total: 31 creatures vanquished

Notes
Turn   | Place    | Note
-------+----------+-------------------------------------------
     0 | D        | sircluck the Troll Berserker began the quest for the Orb.
     0 | D        | Reached XP level 1. HP: 22/22 MP: 0/0
     0 | D        | Found a shimmering blue altar of Sif Muna.
     0 | D        | Found a sacrificial altar of Ru.
     0 | D        | Found a bloodstained altar of Trog.
     0 | D        | Found a stormy altar of Qazlal.
     0 | D        | Found an iron altar of Okawaru.
     0 | D        | Found a sparkling altar of Nemelex Xobeh.
     0 | D        | Found a blossoming altar of Fedhas.
     0 | D        | Found the +6 Majin-Bo {spellvamp, MP+6 Int+6}
     0 | D        | Found the +27 heavy crossbow "Sniper" {heavy, Acc+∞ SInv}
     0 | D        | Found the +10 dark maul {heavy}
     0 | D        | Found the +15 Maxwell's patent armour {-Cast -Tele rElec
                  | Will+ rCorr}
     0 | D        | Found the +18 shield of the Gong {Loud rN+ Will+ rCorr
                  | EV-5}
     0 | D        | Found the +16 obsidian axe {drain, demonic, Mesm Drain Fly
                  | SInv}
     0 | D        | Found the +7 great mace "Firestarter" {flame, immolate,
                  | rFlCloud rF++}
     0 | D        | Found the +6 shillelagh "Devastator" {shatter}
     0 | D        | Found the +11 plutonium sword {Contam Stlth-}
     0 | D        | Found the +8 lance "Wyrmbane" {slay drac, rPois rF+ rC+
                  | AC+3}
     0 | D        | Found the +9 sword of Zonguldrok {reap}
     0 | D        | Found the +13 scythe of Curses {drain, curses, Drain}
     0 | D        | Found the +9 sword of Power {lifebolt}
     0 | D        | Found the +7 mace of Variability {chaos, chaos arc}
     0 | D        | Found the +11 Singing Sword {sonic wave}
     0 | D        | Found the +8 storm bow {elec, penet}
     2 | D        | Found a transporter.
     2 | D        | Found an ancient bone altar of Kikubaaqudgha.
     2 | D        | Found a viscous altar of Jiyva.
     2 | D        | Found a corrupted altar of Lugonu.
     2 | D        | Found a hazy altar of Hepliaklqana.
     2 | D        | Found a burning altar of Makhleb.
     2 | D        | Found an opulent altar of Gozag.
    78 | D        | Reached skill level 4 in Unarmed Combat
    78 | D        | Reached XP level 2. HP: 31/31 MP: 1/1
    92 | D        | Entered arena 2.
    92 | D        | Noticed a deep elf pyromancer
    92 | D        | Noticed an earth elemental
    92 | D        | Found a transporter.
    99 | D        | Killed a deep elf pyromancer
   100 | D        | Reached skill level 8 in Unarmed Combat
   100 | D        | Reached XP level 3. HP: 40/46 MP: 2/2
   100 | D        | Reached XP level 4. HP: 48/55 MP: 3/3
   100 | D        | Reached XP level 5. HP: 54/62 MP: 4/4
   100 | D        | Reached XP level 6. HP: 62/71 MP: 5/5
   107 | D        | Reached ** piety under Trog
   118 | D        | Entered arena 3.
   118 | D        | Noticed a yak
   118 | D        | Found a transporter.
   122 | D        | Reached skill level 9 in Unarmed Combat
   122 | D        | Reached XP level 7. HP: 78/78 MP: 6/6
   126 | D        | Killed a yak
   149 | D        | Entered arena 4.
   149 | D        | Noticed a purple ugly thing
   149 | D        | Noticed a cyan ugly thing
   149 | D        | Noticed a purple ugly thing
   149 | D        | Found a transporter.
   154 | D        | Killed a white ugly thing
   154 | D        | Reached *** piety under Trog
   155 | D        | Reached skill level 10 in Unarmed Combat
   155 | D        | Reached XP level 8. HP: 69/91 MP: 7/7
   156 | D        | Killed a cyan ugly thing
   157 | D        | Reached skill level 11 in Unarmed Combat
   159 | D        | Killed a purple ugly thing
   160 | D        | Reached skill level 10 in Fighting
   161 | D        | Reached **** piety under Trog
   162 | D        | Reached skill level 10 in Dodging
   174 | D        | Entered arena 5.
   174 | D        | Noticed a merfolk
   174 | D        | Noticed a merfolk
   174 | D        | Noticed a merfolk
   174 | D        | Noticed a merfolk
   174 | D        | Found a transporter.
   182 | D        | Killed a merfolk
   183 | D        | Reached skill level 12 in Unarmed Combat
   183 | D        | Reached XP level 9. HP: 102/102 MP: 8/8
   189 | D        | Killed a merfolk
   208 | D        | Killed a merfolk
   216 | D        | Killed a merfolk
   278 | D        | Entered arena 6.
   278 | D        | Found a transporter.
   283 | D        | Reached ***** piety under Trog
   300 | D        | Entered arena 7.
   300 | D        | Noticed a draconian
   300 | D        | Noticed a draconian
   300 | D        | Noticed a draconian
   300 | D        | Noticed a yellow draconian
   300 | D        | Noticed a draconian
   300 | D        | Noticed a draconian
   304 | D        | Killed a yellow draconian
   305 | D        | Reached skill level 13 in Unarmed Combat
   308 | D        | Killed a draconian
   310 | D        | Killed a draconian
   311 | D        | Reached XP level 10. HP: 115/115 MP: 9/9
   311 | D        | Killed a draconian
   312 | D        | Reached skill level 14 in Unarmed Combat
   313 | D        | Killed a draconian
   317 | D        | Killed a draconian
   318 | D        | Found a transporter.
   361 | D        | Entered arena 8.
   361 | D        | Noticed a naga mage
   362 | D        | Found a transporter.
   373 | D        | Killed a naga mage
   373 | D        | Received a gift from Trog
   427 | D        | Entered arena 9.
   427 | D        | Found the ring of the Octopus King {rC+ HP+2 AC+2 EV+2
                  | SH+2}
   427 | D        | Noticed Manafiam the pandemonium lord
   454 | D        | HP: 2/111 [Manafiam the pandemonium lord (27)]
   455 | D        | Found a transporter.
   456 | D        | Annihilated by Manafiam the pandemonium lord

Illustrated notes

Levels and vault maps discovered:
D:        sprint_v [room_start, room_1, room_2, room_3, room_4, room_5, room_6,
          room_7, room_8, room_9, room_10, room_11, room_12, room_13, room_14,
          room_15, room_16, room_17, room_18, room_19, room_20, room_21,
          room_22, room_23, room_24, room_25, room_26, room_27]

Skill      XL: |  1  2  3  4  5  6  7  8  9 10 |
---------------+-------------------------------+-----
Fighting       | 3 7 8 10 11 12 | 12.7
Armour         | 2 |  2.4
Dodging        | 3 7 8 10 11 12 | 12.6
Shields        | 2 |  2.7
Unarmed Combat | 4 8 9 10 12 13 14 | 14.8

Action                     |  1- 3 |  4- 6 |  7- 9 | 10-12 || total
---------------------------+-------+-------+-------+-------++-------
  Melee: Unarmed           |     6 |    10 |    74 |    46 ||   136
 Invoke: Berserk           |       |       |     2 |     1 ||     3
         Brothers in Arms  |       |       |     1 |     2 ||     3
  Evoke: Tin of tremorston |       |       |     3 |     1 ||     4
         Wand              |       |       |     2 |     1 ||     3
    Use: Potion            |     1 |       |     2 |       ||     3
         Scroll            |       |       |       |     1 ||     1
 Armour: Gold dragon scale |     4 |     2 |    49 |    60 ||   115
  Dodge: Dodged            |       |       |     2 |     2 ||     4
  Block: Kite shield       |     5 |     5 |    95 |    67 ||   172

Table legend: (Time is in decaauts)
 A = Elapsed time spent in this place.
 B = Non-inter-level travel time spent in this place.
 C = Inter-level travel time spent in this place.
 D = Time resting spent in this place.
 E = Time spent auto-exploring this place.
 F = Levels seen in this place.
 G = Mean time per level.
                   A        B        C        D        E       F      G
               +--------+--------+--------+--------+--------+-----+--------+
         Total |    442 |    442 |      0 |    124 |     18 |   1 |  442.0 |
       Dungeon |    442 |    442 |      0 |    124 |     18 |   1 |  442.0 |
               +--------+--------+--------+--------+--------+-----+--------+

Top non-repeatable levels by time:
       D: 442 daAuts
